 Dungeon Crawl Stone Soup version 0.32-a0-928-g1cae6b7ea0 (console) character file.

Game seed: 12432298465744111241

69188 jejorda2 the Spear-Bearer (level 15, -5/120 HPs)
             Began as a Gnoll Berserker on Apr 12, 2024.
             Was a High Priest of Trog.
             Slain by a basilisk (9 damage)
             ... on level 5 of the Lair of Beasts.
             The game lasted 00:39:12 (19808 turns).

jejorda2 the Spear-Bearer (Gnoll Berserker)        Turns: 19808, Time: 00:39:13

Health: -5/120     AC: 27    Str: 28    XL:     15   Next: 29%
Magic:  28/28      EV: 10    Int:  8    God:    Trog [*****.]
Gold:   1008       SH:  0    Dex: 12    Spells: 33/33 levels left

rFire   . . .        a - +4 halberd
rCold   . . .        (shield currently unavailable)
rNeg    . . .        B - +1 plate armour
rPois   .            m - +2 helmet
rElec   .            M - +0 cloak
rCorr   .            A - +1 pair of gloves
SInv    .            (no boots)
Will    +++..        t - amulet of the acrobat Stlth
                     q - +6 ring of strength
HPRegen 1.40/turn    w - +4 ring of protection
MPRegen 0.21/turn

%: acrobat
@: lethally poisoned (-5 -> -5), strong-willed, on berserk cooldown,
regenerating, slowed, very slow
A: fangs 1, strong nose, distributed training
a: Renounce Religion, Berserk, Trog's Hand, Brothers in Arms


You were on level 5 of the Lair of Beasts.
You worshipped Trog.
Trog was extremely pleased with you.
You visited 3 branches of the dungeon, and saw 17 of its levels.
You also visited: Bailey.

You collected 1008 gold pieces.

Inventory:

Hand Weapons
 a - a +4 halberd (weapon)
 b - a +3 trident
Missiles
 f - 47 poisoned darts (quivered)
 n - 6 atropa-tipped darts
 s - 6 boomerangs
 C - 2 throwing nets
 I - 5 curare-tipped darts
Armour
 m - a +2 helmet (worn)
 A - a +1 pair of gloves (worn)
 B - a +1 plate armour (worn)
 M - a +0 cloak (worn)
Jewellery
 q - a +6 ring of strength (left hand)
 r - a ring of resist corrosion
 t - an amulet of the acrobat (around neck)
 w - a +4 ring of protection (right hand)
Wands
 c - a wand of polymorph (5)
 j - a wand of quicksilver (4)
 v - a wand of warping (11)
 y - a wand of paralysis (22)
 z - a wand of mindburst (14)
Scrolls
 x - 7 scrolls of teleportation
 G - a scroll of revelation
 J - a scroll of enchant weapon
 L - 2 scrolls of enchant armour
Potions
 d - 2 potions of attraction
 e - 5 potions of curing
 g - 2 potions of ambrosia
 i - 4 potions of enlightenment
 l - 7 potions of haste
 o - 5 potions of might
 p - 4 potions of resistance
 u - 3 potions of lignification
 D - 2 potions of degeneration {unknown}
 E - 2 potions of mutation {unknown}
 F - 5 potions of invisibility
 H - a potion of heal wounds {unknown}
Miscellaneous
 k - a phial of floods
 K - a tin of tremorstones (2/2)


   Skills:
 + Level 11.6 Fighting
 + Level 9.7 Short Blades
 + Level 9.7 Long Blades
 + Level 9.7 Axes
 + Level 9.7 Maces & Flails
 + Level 11.6 Polearms
 + Level 9.7 Staves
 + Level 9.7 Ranged Weapons
 + Level 9.7 Throwing
 + Level 10.7 Armour
 + Level 10.7 Dodging
 + Level 9.7 Stealth
 + Level 9.7 Shields
 + Level 9.7 Unarmed Combat
 + Level 9.7 Spellcasting
 + Level 8.1 Conjurations
 + Level 8.1 Hexes
 + Level 8.1 Summonings
 + Level 8.1 Necromancy
 + Level 8.1 Translocations
 + Level 8.1 Fire Magic
 + Level 8.1 Ice Magic
 + Level 8.1 Air Magic
 + Level 8.1 Earth Magic
 + Level 8.1 Alchemy
 + Level 10.6 Invocations
 + Level 9.7 Evocations
 + Level 8.9 Shapeshifting


You had 33 spell levels left.
You didn't know any spells.
Your spell library was empty.

Dungeon Overview and Level Annotations

Branches:
Dungeon (11/15)            Temple (1/1) D:7            Lair (5/5) D:11
  Swamp (0/4) Lair:2       Spider (0/4) Lair:3        Slime (0/5) Lair:4
    Orc (0/2) D:9          Bailey (visited)

Altars:
Ashenzari
Cheibriados
Dithmenos
Elyvilon
Fedhas
Gozag
Hepliaklqana
Kikubaaqudgha
Makhleb
Nemelex Xobeh
Okawaru
Qazlal
Ru
Sif Muna
Trog
Uskayaw
Vehumet
Wu Jian
Xom
Yredelemnul
Zin
The Shining One
Beogh
Jiyva

Shops:
D:3 :   D:8 :

Annotations:
Lair:5 2 runed translucent doors


Innate Abilities, Weirdness & Mutations

You have very sharp teeth.
Your uncanny sense of smell can sniff out nearby items.
Your experience applies equally to all skills.


Message History

* * * LOW HITPOINT WARNING * * *
The steam dragon claws you.
* * * LOW HITPOINT WARNING * * *
The basilisk closely misses you. The molten gargoyle closely misses you.
The steam dragon closely misses you.
The steam dragon claws you but does no damage.
Unknown command.
You hit the molten gargoyle.
You bite the molten gargoyle, but do no damage.
The molten gargoyle is severely damaged.
You feel sick.
Your ogre hits the steam dragon with a +0 giant club!!
The steam dragon dies!
Trog accepts your kill. The basilisk closely misses you.
The molten gargoyle hits you with a +0 mace!
* * * LOW HITPOINT WARNING * * *
You are engulfed in flames!
* * * LOW HITPOINT WARNING * * *
Unknown command.
Unknown command.
It was a potion of experience.
You feel more experienced!
Your Conjurations skill increases to level 8!
Your Hexes skill increases to level 8!
Your Summonings skill increases to level 8!
Your Necromancy skill increases to level 8!
Your Translocations skill increases to level 8!
Your Fire Magic skill increases to level 8!
Your Ice Magic skill increases to level 8!
Your Air Magic skill increases to level 8!
Your Earth Magic skill increases to level 8!
Your Alchemy skill increases to level 8!
You have reached level 15!
Your experience leads to an increase in your attributes!
Your base attributes are Str 20, Int 8, Dex 12.
Increase (S)trength, (I)ntelligence, or (D)exterity?
You feel stronger. x2
You feel sick. The basilisk bites you!
You die...

##......#≈#$$
∆∆#.§...
##.......#≈#..
#§.§..
####........≈≈#.
#≈#...
........##≈≈≈§#.. .
#≈≈#..
#.........#≈≈≈##....
≈≈##.
###.........≈≈≈##++#
##
####......#≈§≈≈..≈
##..O9l.≈≈≈§..§
#ß#ß.@#.§###..
#####ß##..# ###≈§D#
#§§#S.k..l..
#§≈≈##.l...k. #≈≈§#
....... #≈#≈ .......
≈§≈#≈ #ß#.... #§ #≈
###...


You could see a basilisk, a molten gargoyle (ally target) and a friendly ogre
(summoned, berserk).

Vanquished Creatures
  A tentacled starspawn (Lair:3)
  3 hydras
  3 two-headed ogres
  A boulder beetle (D:11)
  4 death yaks (Lair:4)
  A skyshark (Lair:3)
  A lindwurm (Lair:5)
  An oklob plant (Lair:3)
  A manticore (D:11)
  7 elephants
  A cyclops (D:11)
  3 black mambas
  2 molten gargoyles (Lair:5)
  An unseen horror (D:11)
  9 cane toads
  2 rime drakes
  14 komodo dragons
  3 polar bears
  A hornet (D:9)
  2 jumping spiders (Lair:3)
  13 blink frogs
  10 dream sheep (Lair:4)
  4 wyverns
  A culicivora (Lair:3)
  36 yaks
  3 wraiths
  4 basilisks
  A vampire (D:10)
  A human (Lair:3)
  4 redbacks (Lair:3)
  3 steam dragons
  3 vampire mosquitoes
  An acid dragon (D:9)
  4 hell hounds (Lair:5)
  30 water moccasins
  3 black bears
  6 orc warriors
  3 sky beasts
  2 ice beasts
  A crocodile (D:7)
  2 centaurs
  2 ogres
  6 wolves (D:11)
  2 phantoms
  3 kobold brigands
  3 gnoll sergeants (D:9)
  5 scorpions
  10 bullfrogs
  3 wights (D:9)
  18 killer bees
  6 howler monkeys
  An electric eel (Lair:2)
  3 lava snakes (Lair:5)
  A bombardier beetle (D:4)
  2 jellies
  2 orc priests (D:9)
  7 hounds
  A gnoll bouda (D:3)
  Natasha (thrice) (D:2)
  7 iguanas
  9 orc wizards
  A sleepcap (D:6)
  7 hell rats
  28 gnolls
  14 adders
  2 white imps (D:7)
  2 ufetubi (D:6)
  2 dart slugs
  A ribbon worm (D:3)
  63 orcs
  6 ball pythons
  4 bats
  6 endoplasms
  A giant cockroach (D:3)
  14 goblins
  2 hobgoblins
  16 jackals
  9 quokkas
  2 frilled lizards (D:7)
  19 kobolds
  5 rats
494 creatures vanquished.

Vanquished Creatures (collateral kills)
  A steam dragon (Lair:5)
  A water moccasin (Lair:2)
  A bullfrog (Lair:4)
  2 adders (Lair:2)
5 creatures vanquished.

Vanquished Creatures (others)
  2 adders (Lair:2)
  2 starspawn tentacles (Lair:3)
4 creatures vanquished.

Grand Total: 503 creatures vanquished

Notes
Turn   | Place    | Note
-------+----------+-------------------------------------------
     0 | D:1      | jejorda2 the Gnoll Berserker began the quest for the Orb.
     0 | D:1      | Reached XP level 1. HP: 23/23 MP: 1/1
   284 | D:1      | Reached XP level 2. HP: 26/29 MP: 2/2
   504 | D:1      | Found a faded altar of an unknown god.
   931 | D:2      | Reached XP level 3. HP: 32/35 MP: 2/4
   973 | D:2      | Reached skill level 1 in Invocations
  1024 | D:2      | Reached ** piety under Trog
  1235 | D:2      | Reached skill level 1 in Short Blades
  1235 | D:2      | Reached skill level 1 in Long Blades
  1235 | D:2      | Reached skill level 1 in Axes
  1235 | D:2      | Reached skill level 1 in Maces & Flails
  1235 | D:2      | Reached skill level 1 in Staves
  1235 | D:2      | Reached skill level 1 in Ranged Weapons
  1235 | D:2      | Reached skill level 1 in Throwing
  1235 | D:2      | Reached skill level 1 in Stealth
  1235 | D:2      | Reached skill level 1 in Shields
  1235 | D:2      | Reached skill level 1 in Unarmed Combat
  1235 | D:2      | Reached skill level 1 in Spellcasting
  1235 | D:2      | Reached skill level 1 in Evocations
  1252 | D:2      | Identified the +1 ring mail of Forking Paths {rPois Str+6
                  | Dex-4}
  1264 | D:2      | Noticed Natasha
  1288 | D:2      | Killed Natasha
  1289 | D:2      | Reached skill level 1 in Shapeshifting
  1289 | D:2      | Reached XP level 4. HP: 35/41 MP: 5/5
  1513 | D:2      | Noticed Natasha
  1522 | D:2      | Killed Natasha
  1523 | D:2      | Reached skill level 1 in Conjurations
  1523 | D:2      | Reached skill level 1 in Hexes
  1523 | D:2      | Reached skill level 1 in Summonings
  1523 | D:2      | Reached skill level 1 in Necromancy
  1523 | D:2      | Reached skill level 1 in Translocations
  1523 | D:2      | Reached skill level 1 in Fire Magic
  1523 | D:2      | Reached skill level 1 in Ice Magic
  1523 | D:2      | Reached skill level 1 in Air Magic
  1523 | D:2      | Reached skill level 1 in Earth Magic
  1523 | D:2      | Reached skill level 1 in Alchemy
  1600 | D:2      | Noticed Natasha
  1606 | D:2      | Killed Natasha
  1607 | D:2      | Reached XP level 5. HP: 39/47 MP: 5/7
  1696 | D:3      | Found Igopnan's Book Shoppe.
  1888 | D:3      | Noticed an ogre
  1919 | D:3      | Killed an ogre
  1920 | D:3      | Reached XP level 6. HP: 53/53 MP: 8/8
  1926 | D:3      | Reached skill level 5 in Armour
  1926 | D:3      | Reached skill level 5 in Dodging
  2114 | D:3      | Reached *** piety under Trog
  2758 | D:3      | Found a sparkling altar of Nemelex Xobeh.
  2884 | D:3      | Reached XP level 7. HP: 57/60 MP: 10/10
  3176 | D:3      | Reached **** piety under Trog
  3254 | D:4      | Found a glowing silver altar of Zin.
  3946 | D:4      | Found a basalt altar of Yredelemnul.
  4120 | D:5      | Entered Level 5 of the Dungeon
  4189 | D:5      | Identified the +0 robe of Hubris {^Drain +Blink rF+}
  4303 | D:5      | Noticed a yak
  4304 | D:5      | Noticed a yak
  4304 | D:5      | Noticed a yak
  4305 | D:5      | Noticed a yak
  4311 | D:5      | Killed a yak
  4312 | D:5      | Reached XP level 8. HP: 67/67 MP: 12/12
  4316 | D:5      | Killed a yak
  4318 | D:5      | Killed a yak
  4321 | D:5      | Killed a yak
  5155 | D:6      | Reached XP level 9. HP: 61/73 MP: 14/14
  6011 | D:7      | Reached skill level 5 in Invocations
  6275 | D:7      | Found a staircase to the Ecumenical Temple.
  6400 | D:7      | Noticed a komodo dragon
  6414 | D:7      | Killed a komodo dragon
  6467 | Temple   | Entered the Ecumenical Temple
  6845 | D:8      | Reached skill level 5 in Short Blades
  6845 | D:8      | Reached skill level 5 in Long Blades
  6845 | D:8      | Reached skill level 5 in Axes
  6845 | D:8      | Reached skill level 5 in Maces & Flails
  6845 | D:8      | Reached skill level 5 in Staves
  6845 | D:8      | Reached skill level 5 in Ranged Weapons
  6845 | D:8      | Reached skill level 5 in Throwing
  6845 | D:8      | Reached skill level 5 in Stealth
  6845 | D:8      | Reached skill level 5 in Shields
  6845 | D:8      | Reached skill level 5 in Unarmed Combat
  6845 | D:8      | Reached skill level 5 in Spellcasting
  6845 | D:8      | Reached skill level 5 in Evocations
  6845 | D:8      | Reached XP level 10. HP: 63/81 MP: 17/17
  7000 | D:8      | Found Zeceoshre's Vocational Training.
  7913 | D:9      | Paralysed by a hornet for 2 turns
  8129 | D:9      | Reached skill level 5 in Shapeshifting
  8324 | D:9      | Found a staircase to the Orcish Mines.
  9018 | D:9      | Found a roughly hewn altar of Beogh.
  9100 | D:9      | Found a sacrificial altar of Ru.
  9280 | D:9      | Reached skill level 5 in Conjurations
  9280 | D:9      | Reached skill level 5 in Hexes
  9280 | D:9      | Reached skill level 5 in Summonings
  9280 | D:9      | Reached skill level 5 in Necromancy
  9280 | D:9      | Reached skill level 5 in Translocations
  9280 | D:9      | Reached skill level 5 in Fire Magic
  9280 | D:9      | Reached skill level 5 in Ice Magic
  9280 | D:9      | Reached skill level 5 in Air Magic
  9280 | D:9      | Reached skill level 5 in Earth Magic
  9280 | D:9      | Reached skill level 5 in Alchemy
  9498 | D:10     | Entered Level 10 of the Dungeon
  9507 | D:10     | Reached XP level 11. HP: 89/89 MP: 20/20
  9533 | D:10     | Found a flagged portal.
  9572 | Bailey   | Entered a bailey
 10104 | D:10     | Reached ***** piety under Trog
 10170 | D:10     | Noticed a two-headed ogre
 10180 | D:10     | Killed a two-headed ogre
 10394 | D:10     | Found a white marble altar of Elyvilon.
 10474 | D:10     | Found a shimmering blue altar of Sif Muna.
 10628 | D:11     | Noticed a two-headed ogre
 10642 | D:11     | Killed a two-headed ogre
 10792 | D:11     | Noticed a manticore
 10804 | D:11     | Killed a manticore
 11196 | D:11     | Noticed a boulder beetle
 11221 | D:11     | Killed a boulder beetle
 11309 | D:11     | Noticed a two-headed ogre
 11319 | D:11     | Killed a two-headed ogre
 11560 | D:11     | Noticed a cyclops
 11568 | D:11     | Killed a cyclops
 11832 | D:11     | Found a staircase to the Lair.
 11999 | Lair:1   | Entered Level 1 of the Lair of Beasts
 12190 | D:11     | Reached XP level 12. HP: 40/97 MP: 22/22
 12794 | Lair:1   | Reached skill level 10 in Fighting
 12794 | Lair:1   | Reached skill level 10 in Polearms
 13188 | Lair:1   | You fall into a shaft and drop 1 floor!
 14523 | Lair:2   | Found a staircase to the Swamp.
 14827 | Lair:2   | Reached XP level 13. HP: 104/104 MP: 25/25
 16247 | Lair:3   | Found a hole to the Spider Nest.
 17101 | Lair:3   | Found a runed translucent door.
 17112 | Lair:3   | Noticed a tentacled starspawn
 17128 | Lair:3   | Killed a tentacled starspawn
 17391 | Lair:4   | Reached skill level 10 in Armour
 17391 | Lair:4   | Reached skill level 10 in Dodging
 17392 | Lair:4   | Received a gift from Trog
 18445 | Lair:4   | Found a viscous altar of Jiyva.
 18445 | Lair:4   | Found a staircase to the Slime Pits.
 18475 | Lair:4   | Reached skill level 10 in Invocations
 18475 | Lair:4   | Reached XP level 14. HP: 113/113 MP: 27/27
 19053 | Lair:5   | Entered Level 5 of the Lair of Beasts
 19769 | Lair:5   | Found a large runed translucent door.
 19769 | Lair:5   | Found a large runed translucent door.
 19807 | Lair:5   | HP: 4/113 [molten gargoyle/+0 mace (9)]
 19808 | Lair:5   | Reached XP level 15. HP: 4/120 MP: 28/28
 19808 | Lair:5   | Slain by a basilisk

Illustrated notes

Levels and vault maps discovered:
D:1:      beargit_arrival_diablo_church, layout_loops_ring,
          ebering_ecumenical_altar_petrified
D:2:      wander_river, layout_loops_cross, uniq_natasha
D:3:      lemuel_castle_with_subvaults [lemuel_castle_interior_carwin_2],
          layout_rooms, nemelex_dance_club_becter, serial_shops,
          nicolae_shop_behind_doors, amcnicky_mini_pool_small, minivault_25,
          grunt_decor_arrowhead, nicolae_houndstooth_variations
D:4:      layout_basic, zin_academy, kennysheep_mini
D:5:      layout_loops_corners
D:6:      layout_basic, minmay_circle_x
D:7:      layout_cave_pools, minmay_temple_entry_mini_moons,
          corexii_leaking_fountain, hangedman_abyss_or_decor_slice,
          nrook_mini_vaults, minmay_lizard_king
D:8:      layout_basic, nicolae_shop_vocational
D:9:      layout_loops_ring, mainiacjoe_overflow_24_doors,
          minmay_orc_entry_temple_small
D:10:     layout_gridville, mainiacjoe_overflow_paths, elyvilon_altar_3,
          enter_bailey_5, minmay_crystal_room
D:11:     layout_irregular_city, grunt_lair_entry_orc_guard_hut
Temple:   compressed_dpeg_triangle_lava_temple
Lair:1:   layout_misc_corridors, grunt_megastairs_3, lemuel_fruit_fields,
          serial_bayou_shore_b
Lair:2:   lemuel_reptile_caves, layout_chaotic_city, swamp_mist_pool,
          infiniplex_staircase_pool_2
Lair:3:   layout_regular_city, nicolae_spider_entry_tight_spaces, serial_rivers,
          chequers_serial_rivers_micro_e, chequers_serial_rivers_room_b,
          chequers_serial_rivers_micro_a, chequers_serial_rivers_large_b,
          chequers_serial_rivers_large_a, chequers_serial_rivers_micro_e,
          small_statue_intersection, pdpol_lair_cabin_in_the_woods,
          infiniplex_staircase_pool
Lair:4:   layout_hall_layers, dpeg_slime_entry_enclosed,
          grunt_forest_stairs_basic, beast_lair_carwin_1
Lair:5:   cheibrodos_lair_end_hotspot, layout_misc_corridors

Skill      XL: |  1  2  3  4  5  6  7  8  9 10 11 12 13 14 |
---------------+-------------------------------------------+-----
Invocations    | 1 2 3 4 5 6 7 8 10 | 10.6
Short Blades   | 1 2 3 5 6 7 8 9 |  9.7
Long Blades    | 1 2 3 5 6 7 8 9 |  9.7
Axes           | 1 2 3 5 6 7 8 9 |  9.7
Maces & Flails | 1 2 3 5 6 7 8 9 |  9.7
Staves         | 1 2 3 5 6 7 8 9 |  9.7
Ranged Weapons | 1 2 3 5 6 7 8 9 |  9.7
Throwing       | 1 2 3 5 6 7 8 9 |  9.7
Stealth        | 1 2 3 5 6 7 8 9 |  9.7
Shields        | 1 2 3 5 6 7 8 9 |  9.7
Unarmed Combat | 1 2 3 5 6 7 8 9 |  9.7
Spellcasting   | 1 2 3 5 6 7 8 9 |  9.7
Evocations     | 1 2 3 5 6 7 8 9 |  9.7
Shapeshifting  | 1 2 3 4 5 6 7 8 |  8.9
Conjurations   | 1 2 3 4 5 6 7 8 |  8.1
Hexes          | 1 2 3 4 5 6 7 8 |  8.1
Summonings     | 1 2 3 4 5 6 7 8 |  8.1
Necromancy     | 1 2 3 4 5 6 7 8 |  8.1
Translocations | 1 2 3 4 5 6 7 8 |  8.1
Fire Magic     | 1 2 3 4 5 6 7 8 |  8.1
Ice Magic      | 1 2 3 4 5 6 7 8 |  8.1
Air Magic      | 1 2 3 4 5 6 7 8 |  8.1
Earth Magic    | 1 2 3 4 5 6 7 8 |  8.1
Alchemy        | 1 2 3 4 5 6 7 8 |  8.1
Armour         | 5 6 7 8 9 10 | 10.7
Dodging        | 5 6 7 8 9 10 | 10.7
Fighting       | 7 8 9 10 11 | 11.6
Polearms       | 7 8 9 10 11 | 11.6

Action                     |  1- 3 |  4- 6 |  7- 9 | 10-12 | 13-15 || total
---------------------------+-------+-------+-------+-------+-------++-------
  Melee: Spear             |   103 |   206 |    34 |       |       ||   343
         Bite              |     5 |    24 |    31 |   113 |    77 ||   250
         Halberd           |       |       |   341 |  1029 |   476 ||  1846
         Trident           |       |       |       |       |    33 ||    33
  Throw: Dart              |       |     1 |     8 |    34 |    36 ||    79
 Invoke: Berserk           |     1 |     2 |     5 |    13 |     9 ||    30
         Trog's Hand       |       |       |     4 |     9 |     4 ||    17
         Brothers in Arms  |       |       |       |     1 |     2 ||     3
  Evoke: Wand              |       |       |       |     3 |       ||     3
    Use: Scroll            |       |       |    14 |     9 |     3 ||    26
         Potion            |       |       |       |       |     1 ||     1
   Stab: Sleeping          |     3 |       |     3 |       |       ||     6
 Armour: Animal skin       |    18 |       |       |       |       ||    18
         Chain mail        |    17 |       |       |       |       ||    17
         Ring mail         |     2 |    88 |   207 |       |       ||   297
         Plate armour      |       |       |    94 |  1350 |   474 ||  1918
  Dodge: Dodged            |    38 |    84 |   217 |   773 |   226 ||  1338

Table legend: (Time is in decaauts)
 A = Elapsed time spent in this place.
 B = Non-inter-level travel time spent in this place.
 C = Inter-level travel time spent in this place.
 D = Time resting spent in this place.
 E = Time spent auto-exploring this place.
 F = Levels seen in this place.
 G = Mean time per level.
                   A        B        C        D        E       F      G
               +--------+--------+--------+--------+--------+-----+--------+
         Total |  20071 |  19340 |    731 |   1022 |  14247 |  18 | 1115.1 |
       Dungeon |  12553 |  12033 |    520 |    521 |   8931 |  11 | 1141.2 |
        Temple |     61 |     61 |      0 |      0 |     60 |   1 |   61.0 |
          Lair |   7058 |   6847 |    211 |    428 |   5008 |   5 | 1411.6 |
        Bailey |    397 |    397 |      0 |     73 |    248 |   1 |  397.0 |
               +--------+--------+--------+--------+--------+-----+--------+

Top non-repeatable levels by time:
    D:11: 2244 daAuts
  Lair:4: 1818 daAuts
  Lair:3: 1778 daAuts
  Lair:2: 1742 daAuts
     D:3: 1507 daAuts
     D:9: 1464 daAuts
     D:8: 1316 daAuts
  Lair:1: 1073 daAuts
     D:5: 1010 daAuts
     D:4: 938 daAuts
     D:6: 871 daAuts
     D:2: 840 daAuts
     D:1: 828 daAuts
    D:10: 770 daAuts
     D:7: 761 daAuts
